 Dungeon Sprint DCSS version 0.23.0 (webtiles) character file.

Game seed: 1685731861770554975

28 nuthulu the Chucker (level 3, -5/36 HPs)
             Began as a Troll Hunter on Feb 11, 2019.
             Slain by a water elemental (15 damage)
             ... in the Dungeon (Sprint III: "The Ten Rune Challenge").
             The game lasted 00:01:36 (126 turns).

nuthulu the Chucker (Troll Hunter)                   Turns: 126, Time: 00:01:36

Health: -5/36      AC:  8    Str: 21    XL:     3   Next: 0%
Magic:  2/2        EV: 10    Int:  7    God:
Gold:   37         SH:  4    Dex: 10    Spells: 2/2 levels left

rFire    . . .     SeeInvis .     - Unarmed
rCold    . . .     Gourm    +   (no shield)
rNeg     . . .     Faith    .   b - +0 robe
rPois    .         Spirit   .   (helmet restricted)
rElec    .         Reflect  .   (no cloak)
rCorr    .         Harm     .   (gloves unavailable)
MR       .....     NoTele   +   (boots unavailable)
Stlth    +.........             (no amulet)
HPRegen  0.52/turn              (no ring)
MPRegen  0.08/turn              (no ring)

@: no status effects
A: large, unfitting armour, claws 3, large bone plates 1, thin metallic scales
1, fast metabolism 3, gourmand, high mp 1, regeneration 1, screaming 1, shaggy
fur 1, tough skin 3
a: no special abilities


You were in the Dungeon.
You were not hungry.

You visited 1 branch You collected 37 gold pieces.

Inventory:

Missiles
 c - 4 large rocks (quivered)
 d - 2 throwing nets
Armour
 b - a +0 robe (worn)
Scrolls
 k - a scroll of blinking
 l - a scroll of torment {unknown}
 n - a scroll of random uselessness {unknown}
 q - a scroll of immolation
 r - 2 scrolls of remove curse
Potions
 e - a potion of curing
 g - a potion of heal wounds
 h - a potion of haste
 i - 2 potions of magic
 j - a potion of berserk rage
 o - 2 potions of flight
 p - a potion of lignification {unknown}
Comestibles
 f - 4 rations


   Skills:
 + Level 2.9 Fighting
 + Level 4.5 Throwing
 - Level 1.5 Dodging
 - Level 0.3 Stealth
 * Level 4.0 Unarmed Combat


You had 2 spell levels left.
You didn't know any spells.
Your spell library was empty.

Dungeon Overview and Level Annotations

Branches:
Dungeon (1/1)

Altars:


Innate Abilities, Weirdness & Mutations

You are too large for most types of armour.
You have claws for hands.
Your metabolism is lightning-fast.
You like to eat raw meat.
Your natural rate of healing is unusually fast.
You are covered in fur. (AC +1)
You have extremely tough skin. (AC +3)
You are partially covered in large bone plates. (SH +4)
You are partially covered in thin metallic scales. (AC +2)
You have an increased reservoir of magic. (+10% MP)
You occasionally shout uncontrollably at your foes.


Message History

Okay, then.
As you read the scroll of identify, it crumbles to dust.
o - 2 potions of flight
As you read the scroll of identify, it crumbles to dust.
q - a scroll of immolation You open the door.
A water elemental comes into view.
There is an open door to the Ecumenical Temple here.
You barely miss the water elemental. The water elemental hits you!
You claw the water elemental!
The water elemental is moderately damaged.
The water elemental hits you!
* * * LOW HITPOINT WARNING * * *
Throwing (i - inventory. (/) - cycle)
c - 5 large rocks (quivered)
Press: ? - help, Shift-Dir - straight line, f - water elemental
Aim: a water elemental (moderately damaged)
You throw a large rock.
The large rock closely misses the water elemental.
The water elemental barely misses you. The water elemental hits you!
You die...

▓▓▓▓▓▓▓▓▓ ▓▓▓ ▓<).#[..####
##.# ▓...#......#####..#
▓..##.......#..#..#
▓##.##.##...#..#..###+#+##
##.##.###..##'#..#.......
▓#.####.##..###.@E'.⌠..(..
▓.###..##..####...#...####
▓#..÷..##..###....#.⌠.#
###..##...##.....#...#
##..##....#†.....#+###
#..###..##.#.....# #..#
#.. ####....# ▓▓▓▓ ▓▓▓
▓▓▓▓▓▓


You could see a water elemental.

Vanquished Creatures
  A human (D)
  An ooze (D)
  A phantom (D)
  3 rats (D)
6 creatures vanquished.

Vanquished Creatures (others)
  3 hellions (D)
  3 plants (D)
6 creatures vanquished.

Grand Total: 12 creatures vanquished

Notes
Turn   | Place    | Note
-------+----------+-------------------------------------------
     0 | D        | nuthulu the Troll Hunter began the quest for the Orb.
     0 | D        | Reached XP level 1. HP: 19/19 MP: 0/0
    50 | D        | Reached XP level 2. HP: 18/29 MP: 1/1
    57 | D        | Reached XP level 3. HP: 13/36 MP: 2/2
   109 | D        | Gained mutation: You are weak. (Str -2) [potion of
                  | mutation]
   109 | D        | Gained mutation: You are agile. (Dex +2) [potion of
                  | mutation]
   109 | D        | Gained mutation: Your flesh is heat resistant. (rF+)
                  | [potion of mutation]
   110 | D        | Lost mutation: You are agile. (Dex +2) [potion of mutation]
   110 | D        | Lost mutation: Your flesh is heat resistant. (rF+) [potion
                  | of mutation]
   110 | D        | Lost mutation: You are weak. (Str -2) [potion of mutation]
   110 | D        | Gained mutation: You are robust. (+10% HP) [potion of
                  | mutation]
   110 | D        | Gained mutation: You heal very quickly. [potion of
                  | mutation]
   111 | D        | Lost mutation: You are robust. (+10% HP) [potion of
                  | mutation]
   111 | D        | Lost mutation: You heal very quickly. [potion of mutation]
   111 | D        | Gained mutation: Armour fits poorly on your strangely
                  | shaped body. [potion of mutation]
   111 | D        | Gained mutation: You are partially covered in yellow
                  | scales. (AC +2) [potion of mutation]
   111 | D        | Lost mutation: Armour fits poorly on your strangely shaped
                  | body. [potion of mutation]
   111 | D        | Gained mutation: Your spells are a little harder to cast,
                  | but a little more powerful. [potion of mutation]
   112 | D        | Lost mutation: Your spells are a little harder to cast, but
                  | a little more powerful. [potion of mutation]
   112 | D        | Lost mutation: You are partially covered in yellow scales.
                  | (AC +2) [potion of mutation]
   112 | D        | Gained mutation: You have sharp toenails. [potion of
                  | mutation]
   112 | D        | Gained mutation: You are dopey. (Int -2) [potion of
                  | mutation]
   112 | D        | Gained mutation: You are partially covered in large bone
                  | plates. (SH +4) [potion of mutation]
   113 | D        | Lost mutation: You are dopey. (Int -2) [potion of mutation]
   113 | D        | Lost mutation: You have sharp toenails. [potion of
                  | mutation]
   113 | D        | Gained mutation: You occasionally shout uncontrollably at
                  | your foes. [potion of mutation]
   113 | D        | Gained mutation: You have an increased reservoir of magic.
                  | (+10% MP) [potion of mutation]
   113 | D        | Gained mutation: You are partially covered in thin metallic
                  | scales. (AC +2) [potion of mutation]
   120 | D        | Noticed a water elemental
   125 | D        | Killed a hellion
   125 | D        | Killed a hellion
   126 | D        | Killed a hellion
   126 | D        | Slain by a water elemental

Skill      XL: |  1  2 |
---------------+-------+-----
Fighting       | 2 |  2.9
Unarmed Combat | 3 4 |  4.0
Throwing       | 4 |  4.5
Dodging        | |  1.5
Stealth        | |  0.3

Action                   || total
-------------------------++-------
Melee: Unarmed           ||    15
Throw: Large rock        ||     4
  Use: Potion            ||     5
       Scroll            ||     3
  Eat: Chunk             ||     1
Armor: Robe              ||     3
Dodge: Dodged            ||     5
